 Dungeon Crawl Stone Soup version 0.19.0-19-g8c6edcc (webtiles) character file.

787 sugabear the Twirler (level 7, 0/36 HPs)
             Began as a Vine Stalker Gladiator on Nov 12, 2016.
             Was an Initiate of Trog.
             Slain by an orc
             ... wielding a +0 morningstar
              (3 damage)
             ... on level 4 of the Dungeon.
             The game lasted 00:04:07 (2620 turns).

sugabear the Twirler (Vine Stalker Gladiator)       Turns: 2620, Time: 00:04:07

Health: 0/36       AC: 13    Str: 18    XL:     7   Next: 87%
Magic:  0/17       EV:  6    Int:  8    God:    Trog [......]
Gold:   87         SH:  0    Dex: 16    Spells: 0 memorised, 6 levels left

rFire  . . .     SeeInvis .     t - +2 spear (venom)
rCold  . . .     Gourm    .     n - -1 plate armour (curse)
rNeg   . . .     Faith    .     (no shield)
rPois  .         Spirit   +     c - +0 helmet
rElec  .         Reflect  .     o - +0 cloak
rCorr  .         Harm     .     y - +0 pair of gloves
MR     .....                    (no boots)
Stlth  ..........               (no amulet)
                                (no ring)
                                r - ring of magical power

@: lethally poisoned (0 -> -1)
A: fangs 2, regeneration 1, magic shield, antimagic bite, no device heal 3, rot
immunity
a: Burn Spellbooks, Renounce Religion


You were on level 4 of the Dungeon.
You worshipped Trog.
Trog was noncommittal.
You were not hungry.

You visited 2 branches of the dungeon, and saw 6 of its levels.

You collected 87 gold pieces.

Inventory:

Hand Weapons
 a - a +0 quarterstaff
 t - a +2 spear of venom (weapon)
Missiles
 d - 3 throwing nets (quivered)
Armour
 b - a +0 leather armour
 c - a +0 helmet (worn)
 n - a cursed -1 plate armour (worn)
 o - a +0 cloak (worn)
 y - a +0 pair of gloves (worn)
Jewellery
 r - a ring of magical power (left hand)
Scrolls
 e - a scroll of noise {unknown}
 g - a scroll of enchant armour {unknown}
 h - a scroll of remove curse {unknown}
 k - 2 scrolls of teleportation {unknown}
 m - a scroll of amnesia {unknown}
 s - a scroll of enchant weapon {unknown}
 v - a scroll of identify {unknown}
 x - a scroll of random uselessness {unknown}
 C - a scroll of magic mapping {unknown}
Potions
 i - a potion of ambrosia {unknown}
 j - 2 potions of cancellation {unknown}
 l - 3 potions of might {unknown}
 p - a potion of lignification {unknown}
 q - a potion of heal wounds {unknown}
 u - a potion of resistance {unknown}
 B - a potion of curing {unknown}
Comestibles
 f - 5 bread rations
 w - 4 chunks of flesh
 z - a royal jelly
 A - a slice of pizza


   Skills:
 + Level 3.4 Fighting
 + Level 3.6(4.9) Polearms
 + Level 5.1(5.7) Staves
 + Level 1.7 Throwing
 + Level 3.0 Armour
 + Level 2.7 Dodging
 + Level 0.6 Stealth


You had 6 spell levels left.
You didn't know any spells.

Dungeon Overview and Level Annotations

Branches:
Dungeon (5/15)             Temple (1/1) D:4

Altars:
Cheibriados
Dithmenos
Elyvilon
Fedhas
Gozag
Hepliaklqana
Kikubaaqudgha
Makhleb
Okawaru
Qazlal
Ru
Sif Muna
Trog
Uskayaw
Vehumet
Xom
Yredelemnul
Zin


Innate Abilities, Weirdness & Mutations

You have extremely sharp teeth.
Your natural rate of healing is unusually fast.
When hurt, damage is shared between your health and your magic reserves.
Your bite disrupts and absorbs the magic of your enemies.
Potions and wands cannot restore your health.
You are immune to rotting.


Message History

You barely miss the adder.
You feel sick. The orc hits you but does no damage.
The shadow imp hits you but does no damage.
The adder bites you but does no damage. The orc closely misses you.
You hit the adder.
The adder is poisoned.
Your bite misses the adder.
The adder is moderately wounded.
The adder bites you.
* * * LOW HITPOINT WARNING * * *
The shadow imp hits you but does no damage.
The orc hits you.
* * * LOW HITPOINT WARNING * * *
You closely miss the shadow imp.
You feel sick. The adder bites you.
* * * LOW HITPOINT WARNING * * *
The orc barely misses you. The shadow imp barely misses you.
The orc completely misses you.
You hit the shadow imp but do no damage.
You feel sick. The adder bites you but does no damage.
The orc barely misses you. The shadow imp hits you.
* * * LOW HITPOINT WARNING * * *
The orc hits you with a morningstar.
You die...

#.................####....
#.................# ##...
####..........(...#### ####
#............<.....#########
#.##.......[...............##
#<##....).....(...##.........
#.##..............########.##
#)##.....(..5).........# #..#
#.##.......S@.....####.####..
#.##)#......oo..### #....###
#.##.############ ####..#
#.##.# ##.# #....# #.##
#..### #... #.## #### #.# ###


You could see an adder, a shadow imp and 2 orcs.

Vanquished Creatures
  A human (D:2)
  An orc warrior (D:4)
  An ogre (D:4)
  A howler monkey (D:4)
  4 orc wizards
  A human zombie (D:2)
  2 orc priests
  A hound (D:4)
  A bullfrog skeleton (D:4)
  A worker ant (D:5)
  A hound zombie (D:4)
  6 adders
  A worm (D:4)
  A dart slug (D:2)
  A leopard gecko (D:1)
  8 orcs
  7 bats
  3 giant cockroaches
  7 goblins
  11 hobgoblins
  8 jackals
  3 kobolds
  2 quokkas (D:3)
  4 ball pythons
  4 frilled lizards
  A leopard gecko skeleton (D:4)
  5 rats
87 creatures vanquished.

Notes
Turn   | Place    | Note
-------+----------+-------------------------------------------
     0 | D:1      | sugabear the Vine Stalker Gladiator began the quest for the Orb.
     0 | D:1      | Reached XP level 1. HP: 11/11 MP: 2/2
   272 | D:1      | Reached skill level 3 in Staves
   272 | D:1      | Reached XP level 2. HP: 13/15 MP: 3/3
   729 | D:2      | Noticed a human
   740 | D:2      | Reached XP level 3. HP: 17/18 MP: 4/4
   745 | D:2      | Found a runed door.
   755 | D:2      | Found a basalt altar of Yredelemnul.
   770 | D:2      | Gained mutation: Your natural rate of healing is unusually fast. [Vine Stalker growth]
   770 | D:2      | Reached XP level 4. HP: 18/23 MP: 5/5
   790 | D:2      | HP: 1/23 [human (2)]
   818 | D:2      | Killed a human
   818 | D:2      | Reached skill level 4 in Staves
   818 | D:2      | Reached XP level 5. HP: 13/27 MP: 3/6
   905 | D:2      | Reached XP level 6. HP: 32/32 MP: 7/7
  1828 | D:3      | Reached skill level 1 in Polearms
  1828 | D:3      | Reached skill level 5 in Staves
  1871 | D:3      | Found a faded altar of an unknown god.
  1871 | D:3      | Found a bloodstained altar of Trog.
  1878 | D:3      | Found a shimmering altar of Xom.
  1880 | D:3      | Became a worshipper of Trog the Wrathful
  1883 | D:3      | Found a faded altar of an unknown god.
  1885 | D:3      | Found a radiant altar of Vehumet.
  1958 | D:4      | Reached XP level 7. HP: 34/36 MP: 8/8
  2130 | D:4      | Found a staircase to the Ecumenical Temple.
  2140 | Temple   | Entered the Ecumenical Temple
  2458 | D:5      | Entered Level 5 of the Dungeon
  2620 | D:4      | Slain by an orc

Skill      XL: |  1  2  3  4  5  6  7 |
---------------+----------------------+-----
Staves         | 3 4 5 |  5.1
Fighting       | 2 3 |  3.4
Armour         | 2 3 |  3.0
Polearms       | 1 3 |  3.6
Throwing       | |  1.7
Dodging        | |  2.7
Stealth        | |  0.6

Action                   |  1- 3 |  4- 6 |  7- 9 || total
-------------------------+-------+-------+-------++-------
Melee: Quarterstaff      |    72 |    89 |       ||   161
       Bite              |    16 |    51 |    26 ||    93
       Spear             |       |    99 |    83 ||   182
  Eat: Chunk             |       |     4 |     2 ||     6
Armor: Leather armour    |    15 |       |       ||    15
       Plate armour      |    31 |   146 |    69 ||   246
Dodge: Dodged            |    47 |    82 |    39 ||   168
